 Dungeon Crawl Stone Soup version 0.29.0-4-gdea44cf6ec (webtiles) character file.

Game seed: 7919615503062101290

6902 qw the Severer (level 10, -2/91 HPs)
             Began as a Minotaur Fighter on Sept 4, 2022.
             Was a Follower of Ru.
             Slain by a reaper
             ... wielding a +2 scythe of venom
              (14 damage)
             ... on level 1 of the Abyss.
             The game lasted 00:04:37 (10821 turns).

qw the Severer (Minotaur Fighter)                  Turns: 10821, Time: 00:04:38

Health: -2/91      AC: 12    Str: 26    XL:     10   Next: 79%
Magic:  9/9        EV: 11    Int:  5    God:    Ru [*.....]
Gold:   199        SH:  5    Dex:  9    Spells: 9/9 levels left

rFire   . . .      SeeInvis +   Y - +0 broad axe
rCold   . . .      Faith    .   c - +0 buckler
rNeg    . . .      Spirit   .   s - +0 swamp dragon scales
rPois   +          Reflect  .   (helmet restricted)
rElec   .          Harm     .   (no cloak)
rCorr   .          Rampage  .   p - +1 pair of gloves
Will    .....                   u - +0 pair of boots
Stlth   ..........              (no amulet)
HPRegen 0.25/turn               i - ring of see invisible
MPRegen 0.11/turn               o - +4 ring of slaying {mikee}

@: about to teleport
A: horns 2, no air magic, no translocations magic, no transmutations magic,
retaliatory headbutt
a: Renounce Religion


You were on level 1 of the Abyss.
You worshipped Ru.
Ru was aware of your devotion.
You visited 2 branches of the dungeon, and saw 10 of its levels.
You visited the Abyss 1 time.
You also visited: Ossuary.

You collected 424 gold pieces.
You spent 225 gold pieces at shops.


Innate Abilities, Weirdness & Mutations

You have a pair of horns on your head.
You cannot study or cast Air magic.
You cannot study or cast Translocations magic.
You cannot study or cast Transmutations magic.
You reflexively headbutt those who attack you in melee.


   Skills:
 - Level 9.4 Fighting
 - Level 16.0 Axes
 - Level 3.0 Throwing
 - Level 5.0 Armour
 - Level 3.0 Dodging
 + Level 5.5 Shields


You had 9 spell levels left.
You didn't know any spells.
Your spell library was empty.

Inventory:

Hand Weapons
 n - a +0 war axe of flaming
 Y - a +0 broad axe (weapon)
Missiles
 q - 3 javelins (quivered)
Armour
 c - a +0 buckler (worn)
 h - a +0 chain mail
 p - a +1 pair of gloves (worn)
 s - +0 swamp dragon scales (worn)
 u - a +0 pair of boots (worn)
Jewellery
 b - a +6 ring of strength
 i - a ring of see invisible (left hand)
 o - a +4 ring of slaying (right hand) {mikee}
Scrolls
 a - 3 scrolls of identify
 e - 5 scrolls of teleportation
Potions
 d - 4 potions of might
 f - 3 potions of haste
 j - a potion of heal wounds
 k - 2 potions of cancellation
 l - 6 potions of curing
 m - a potion of mutation

Dungeon Overview and Level Annotations

Branches:
Dungeon (9/15)             Temple (1/1) D:4         Ossuary (visited)
   Lair: D:8-11         Orc: D:9-12

Altars:
Ashenzari
Cheibriados
Dithmenos
Elyvilon
Fedhas
Gozag
Hepliaklqana
Kikubaaqudgha
Makhleb
Nemelex Xobeh
Okawaru
Qazlal
Ru
Sif Muna
Uskayaw
Vehumet
Wu Jian
Xom
Zin
The Shining One

Shops:
D:3 (   D:8 *

Annotations:
D:6 1 runed translucent door, Crazy Yiuf
D:9 1 runed translucent door, Erolcha


Message History

You closely miss the reaper.
The reaper is lightly wounded.
You block the reaper's attack.
You hit the reaper. You headbutt the reaper!
The reaper is moderately wounded.
You block the reaper's attack.
You slash the reaper!
You headbutt the reaper, but do no damage.
The reaper is heavily wounded.
The reaper closely misses you. You furiously retaliate!
You headbutt the reaper! You hit the reaper but do no damage.
The reaper is severely wounded.
The reaper hits you with a +2 scythe of venom.
You barely miss the reaper. You headbutt the reaper.
The reaper is severely wounded.
You closely miss the reaper.
The reaper is severely wounded.
The reaper completely misses you. You furiously retaliate!
You headbutt the reaper! You closely miss the reaper.
You headbutt the reaper, but do no damage.
The reaper is almost dead.
The reaper hits you with a +2 scythe of venom!
You barely miss the reaper. Your headbutt misses the reaper.
The reaper is almost dead.
The reaper hits you with a +2 scythe of venom!!
You hit the reaper.
The reaper is almost dead.
The reaper says, "Everyone has to die sometime, and your time is now."
The reaper completely misses you. You furiously retaliate!
You headbutt the reaper, but do no damage.
You closely miss the reaper.
The reaper is almost dead.
The reaper hits you with a +2 scythe of venom!
10821 ||| READING 6 scrolls of teleportation.
As you read the scroll of teleportation, it crumbles to dust.
You feel strangely unstable.
You feel the power of the Abyss delaying your translocation!
The reaper hits you with a +2 scythe of venom!
You die...

..##.. .## 7# ..
. .... ...~~~.
... .... ...~~.
#.. #..# ..~~~.#
#..##..##.~~~..#
..........~~. .
.. ......~~ ...
..##...#~7##..#
#.@#~~~#
.......2~~~....
........7~......
##..##.~~~..##.
# #. #.~~#..#
..# .. .~~~.....
.. . ~~~.......
#~~.##..##.


You could see a reaper.

Vanquished Creatures
  Erica (D:9)
  Pikel (D:4)
  Joseph (D:8)
  Grinder (D:4)
  Prince Ribbit (D:8)
  7 yaks
  Duvessa (D:4)
  A water moccasin (D:7)
  Edmund (D:6)
  2 sky beasts
  2 orc warriors (D:7)
  2 ogres
  3 ice beasts
  3 centaurs
  2 lemures (D:4)
  An elf zombie (Ossuary)
  A kobold brigand (D:9)
  Blork the orc (D:6)
  2 bullfrogs (D:7)
  A necrophage (D:4)
  A gnoll sergeant (D:9)
  A scorpion (D:4)
  11 wights
  Dowan (D:4)
  A killer bee (D:9)
  A vampire bat (D:3)
  5 howler monkeys
  5 centaur zombies (Ossuary)
  2 quasits (D:5)
  7 orc priests
  3 hounds
  2 jellies (D:6)
  2 gnoll boudas
  2 iguanas
  5 orc wizards
  2 mummies (Ossuary)
  13 gnolls
  7 adders
  4 shadow imps
  6 white imps
  7 ufetubi
  2 worms (D:4)
  11 dart slugs (D:3)
  3 fire bats (D:3)
  16 orcs
  2 spectral bats (D:3)
  5 ball pythons
  3 bat skeletons (D:3)
  A bat zombie (D:3)
  11 endoplasms
  2 giant cockroaches (D:1)
  4 goblins
  7 hobgoblins
  5 jackals
  4 quokkas
  11 bats (D:3)
  A bat simulacrum (D:3)
  3 frilled lizards (D:1)
  A goblin zombie (Ossuary)
  5 hobgoblin zombies (Ossuary)
  2 jackal zombies (Ossuary)
  11 kobolds
  13 kobold zombies (Ossuary)
  9 orc zombies (Ossuary)
  6 rats
261 creatures vanquished.

Vanquished Creatures (others)
  A jelly (Abyss:1)
  2 demonic plants (D:5)
3 creatures vanquished.

Grand Total: 264 creatures vanquished

Notes
Turn   | Place    | Note
-------+----------+-------------------------------------------
     0 | D:1      | qw the Minotaur Fighter began the quest for the Orb.
     0 | D:1      | Reached XP level 1. HP: 19/19 MP: 0/0
     0 | D:1      | 0 ||| qw: Version: 0.1-a-103-gd6f5d3a
     0 | D:1      | 0 ||| qw: Game counter: 5592
     0 | D:1      | 0 ||| qw: Always use a shield: true
     0 | D:1      | 0 ||| qw: God list: Ru
     0 | D:1      | 0 ||| qw: Allow faded altars: false
     0 | D:1      | 0 ||| qw: Do Orc after D:15 true
     0 | D:1      | 0 ||| qw: Do second Lair branch before Depths: true
     0 | D:1      | 0 ||| qw: Lair rune preference: random
     0 | D:1      | 0 ||| qw: Plans: Normal
     0 | D:1      | 0 ||| PLANNING D:1-11
    58 | D:1      | Reached skill level 3 in Axes
   133 | D:1      | Reached XP level 2. HP: 26/26 MP: 1/1
   450 | D:1      | Reached skill level 4 in Axes
   667 | D:1      | Found a faded altar of an unknown god.
   847 | D:1      | 847 ||| UPGRADING to ring of see invisible.
   848 | D:1      | 848 ||| READING 2 scrolls labelled OGUDAEBITI.
   849 | D:1      | 849 ||| READING scroll labelled TIG MARHIBENT.
   852 | D:1      | 852 ||| READING scroll labelled YFIBLA TUTTO.
   981 | D:2      | Reached XP level 3. HP: 31/31 MP: 2/2
  1381 | D:2      | 1381 ||| Stepping ~*~*~tactically~*~*~ (stealth).
  1412 | D:2      | 1412 ||| Stepping ~*~*~tactically~*~*~ (stealth).
  1413 | D:2      | 1413 ||| Stepping ~*~*~tactically~*~*~ (stealth).
  1597 | D:2      | 1597 ||| SWAPPING to +1 war axe of venom.
  1598 | D:2      | 1598 ||| DROPPING +0 war axe.
  1657 | D:2      | Found a radiant altar of Vehumet.
  1674 | D:2      | Reached skill level 5 in Axes
  1962 | D:2      | 1962 ||| UPGRADING to +0 pair of gloves.
  1967 | D:2      | 1967 ||| DROPPING amulet of magic regeneration.
  1968 | D:2      | 1968 ||| READING scroll labelled GEVO RUSKOMMA.
  1969 | D:2      | 1969 ||| DRINKING 2 pink potions.
  1970 | D:2      | 1970 ||| DRINKING 3 metallic blue potions.
  1971 | D:2      | 1971 ||| DRINKING 3 fuming purple potions.
  1972 | D:2      | 1972 ||| DROPPING 2 potions of brilliance.
  2069 | D:3      | HP: 7/31 [dart slug/slug dart (1)]
  2070 | D:3      | 2070 ||| DRINKING 2 potions of heal wounds.
  2222 | D:3      | HP: 5/31 [dart slug/slug dart (6)]
  2223 | D:3      | 2223 ||| DRINKING potion of heal wounds.
  2255 | D:3      | Reached skill level 1 in Throwing
  2255 | D:3      | Reached XP level 4. HP: 35/39 MP: 3/3
  2263 | D:3      | 2263 ||| Stepping ~*~*~tactically~*~*~ (water).
  2265 | D:3      | 2265 ||| FLEEEEING.
  2266 | D:3      | 2266 ||| STAIRDANCE
  2331 | D:3      | 2331 ||| FLEEEEING.
  2332 | D:3      | 2332 ||| FLEEEEING.
  2333 | D:3      | 2333 ||| STAIRDANCE
  2378 | D:2      | 2378 ||| DROPPING +0 club.
  2379 | D:2      | 2379 ||| READING scroll labelled GASKIR ODIY.
  2382 | D:3      | 2382 ||| STAIRDANCE
  2425 | D:3      | 2425 ||| FLEEEEING.
  2544 | D:3      | HP: 8/39 [dart slug/slug dart (3)]
  2545 | D:3      | 2545 ||| READING scroll of teleportation.
  2817 | D:3      | Found Peaziant's Weapon Shop.
  2824 | D:3      | 2824 ||| BUYING +0 morningstar (56 gold).
  2824 | D:3      | Bought a +0 morningstar for 56 gold pieces
  2824 | D:3      | 2824 ||| SHOPLISTING +0 morningstar "Todwesio" {elec,
                  | Contam rElec rC+} (355 gold, have 82).
  2824 | D:3      | 2824 ||| DROPPING +0 whip.
  2890 | D:3      | Reached skill level 1 in Dodging
  2890 | D:3      | 2890 ||| Stepping ~*~*~tactically~*~*~ (hiding).
  2960 | D:3      | 2960 ||| Stepping ~*~*~tactically~*~*~ (stealth).
  2983 | D:3      | 2983 ||| Stepping ~*~*~tactically~*~*~ (hiding).
  2987 | D:3      | 2987 ||| Stepping ~*~*~tactically~*~*~ (hiding).
  3039 | D:3      | 3039 ||| Stepping ~*~*~tactically~*~*~ (hiding).
  3041 | D:3      | 3041 ||| Stepping ~*~*~tactically~*~*~ (hiding).
  3163 | D:3      | 3163 ||| Stepping ~*~*~tactically~*~*~ (stealth).
  3165 | D:3      | 3165 ||| Stepping ~*~*~tactically~*~*~ (hiding).
  3174 | D:3      | Reached XP level 5. HP: 45/45 MP: 4/4
  3315 | D:3      | Reached skill level 6 in Axes
  3350 | D:3      | Reached skill level 7 in Axes
  3590 | D:3      | Reached XP level 6. HP: 50/52 MP: 5/5
  3718 | D:3      | Found an ancient bone altar of Kikubaaqudgha.
  3858 | D:3      | 3858 ||| UPGRADING to +0 chain mail.
  3868 | D:3      | 3868 ||| DROPPING +0 scale mail.
  3869 | D:3      | 3869 ||| UPGRADING to +4 ring of slaying {mikee}.
  3870 | D:3      | 3870 ||| DROPPING ring of magical power.
  3871 | D:3      | 3871 ||| READING scroll labelled WEWY INOSOXZI.
  3972 | D:3      | 3972 ||| DRINKING 2 sapphire potions.
  3973 | D:3      | 3973 ||| READING 4 scrolls of identify.
  3973 | D:3      | 3973 ||| IDENTIFYING lumpy white potion
  3974 | D:3      | 3974 ||| READING 3 scrolls of identify.
  3974 | D:3      | 3974 ||| IDENTIFYING ruby potion
  3975 | D:3      | 3975 ||| READING 2 scrolls of identify.
  3975 | D:3      | 3975 ||| IDENTIFYING green potion
  3976 | D:3      | 3976 ||| DROPPING potion of invisibility.
  3977 | D:3      | 3977 ||| DROPPING potion of flight.
  4018 | D:4      | 4018 ||| PLANNING OSSUARY
  4021 | D:4      | 4021 ||| STAIRDANCE
  4116 | D:4      | 4116 ||| Stepping ~*~*~tactically~*~*~ (stealth).
  4121 | D:4      | 4121 ||| Stepping ~*~*~tactically~*~*~ (stealth).
  4121 | D:4      | Noticed Grinder
  4122 | D:4      | 4122 ||| Stepping ~*~*~tactically~*~*~ (hiding).
  4123 | D:4      | 4123 ||| Stepping ~*~*~tactically~*~*~ (hiding).
  4124 | D:4      | 4124 ||| Stepping ~*~*~tactically~*~*~ (hiding).
  4131 | D:4      | 4131 ||| Stepping ~*~*~tactically~*~*~ (hiding).
  4133 | D:4      | 4133 ||| Stepping ~*~*~tactically~*~*~ (stealth).
  4136 | D:4      | Killed Grinder
  4137 | D:4      | Reached skill level 8 in Axes
  4137 | D:4      | Reached XP level 7. HP: 39/59 MP: 6/6
  4274 | D:4      | Noticed Pikel
  4274 | D:4      | Noticed Duvessa
  4275 | D:4      | Noticed Dowan
  4282 | D:4      | 4282 ||| DRINKING 2 potions of curing.
  4282 | D:4      | 4282 ||| (to cure confusion)
  4284 | D:4      | Killed Duvessa
  4285 | D:4      | Reached skill level 9 in Axes
  4286 | D:4      | 4286 ||| DRINKING potion of curing.
  4286 | D:4      | 4286 ||| (to cure confusion)
  4286 | D:4      | Killed Pikel
  4287 | D:4      | Reached XP level 8. HP: 62/73 MP: 7/7
  4291 | D:4      | Killed Dowan
  4293 | D:4      | 4293 ||| FLEEEEING.
  4295 | D:4      | 4295 ||| FLEEEEING.
  4296 | D:4      | 4296 ||| FLEEEEING.
  4297 | D:4      | 4297 ||| FLEEEEING.
  4298 | D:4      | 4298 ||| FLEEEEING.
  4299 | D:4      | 4299 ||| FLEEEEING.
  4300 | D:4      | 4300 ||| FLEEEEING.
  4302 | D:4      | 4302 ||| FLEEEEING.
  4462 | D:4      | Reached skill level 10 in Axes
  4470 | D:4      | Found a staircase to the Ecumenical Temple.
  4471 | D:4      | 4471 ||| PLANNING TEMPLE
  4485 | Temple   | Entered the Ecumenical Temple
  4512 | Temple   | Became a worshipper of Ru the Awakened
  4517 | Temple   | 4517 ||| PLANNING OSSUARY
  4570 | D:4      | Found a sand-covered staircase.
  4575 | Ossuary  | Entered an ossuary
  4603 | Ossuary  | 4603 ||| Stepping ~*~*~tactically~*~*~ (stealth).
  4664 | Ossuary  | 4664 ||| Stepping ~*~*~tactically~*~*~ (stealth).
  4725 | Ossuary  | 4725 ||| Stepping ~*~*~tactically~*~*~ (stealth).
  4727 | Ossuary  | 4727 ||| Stepping ~*~*~tactically~*~*~ (stealth).
  4768 | Ossuary  | 4768 ||| Stepping ~*~*~tactically~*~*~ (stealth).
  4769 | Ossuary  | 4769 ||| Stepping ~*~*~tactically~*~*~ (stealth).
  4864 | Ossuary  | Reached skill level 11 in Axes
  4874 | Ossuary  | 4874 ||| UPGRADING to +0 pair of boots.
  4879 | Ossuary  | 4879 ||| READING 2 scrolls labelled DIOPPEAGOEL.
  4880 | Ossuary  | 4880 ||| READING 2 scrolls labelled WUNKIC BUSEJAE.
  4881 | Ossuary  | 4881 ||| READING scroll of enchant armour.
  4881 | Ossuary  | 4881 ||| ENCHANTING +0 pair of gloves.
  4882 | Ossuary  | 4882 ||| DRINKING 2 fizzy black potions.
  4987 | Ossuary  | 4987 ||| DROPPING scroll of immolation.
  4988 | Ossuary  | 4988 ||| DROPPING potion of berserk rage.
  5001 | D:4      | 5001 ||| PLANNING D:1-11
  5154 | D:4      | Found an opulent altar of Gozag.
  5271 | D:4      | 5271 ||| Stepping ~*~*~tactically~*~*~ (stealth).
  5292 | D:4      | Found a shimmering altar of Xom.
  5438 | D:4      | 5438 ||| READING 2 scrolls of identify.
  5438 | D:4      | 5438 ||| IDENTIFYING grey potion
  5439 | D:4      | 5439 ||| DROPPING potion of ambrosia.
  5460 | D:5      | Entered Level 5 of the Dungeon
  5471 | D:5      | 5471 ||| Stepping ~*~*~tactically~*~*~ (stealth).
  5472 | D:5      | 5472 ||| Stepping ~*~*~tactically~*~*~ (stealth).
  5497 | D:5      | 5497 ||| FLEEEEING.
  5498 | D:5      | 5498 ||| FLEEEEING.
  5502 | D:5      | 5502 ||| STAIRDANCE
  5641 | D:5      | 5641 ||| Stepping ~*~*~tactically~*~*~ (stealth).
  5645 | D:5      | Reached XP level 9. HP: 49/79 MP: 8/8
  5747 | D:5      | 5747 ||| FLEEEEING.
  5750 | D:5      | 5750 ||| STAIRDANCE
  5790 | D:4      | 5790 ||| INVOKING Sacrifice Arcana.
  5790 | D:4      | Gained mutation: You cannot study or cast Air magic. [Ru
                  | sacrifice]
  5790 | D:4      | Gained mutation: You cannot study or cast Transmutations
                  | magic. [Ru sacrifice]
  5790 | D:4      | Gained mutation: You cannot study or cast Translocations
                  | magic. [Ru sacrifice]
  5790 | D:4      | Reached * piety under Ru
  5796 | D:5      | 5796 ||| STAIRDANCE
  5854 | D:5      | Reached skill level 12 in Axes
  6131 | D:5      | 6131 ||| Stepping ~*~*~tactically~*~*~ (stealth).
  6247 | D:5      | 6247 ||| DRINKING 2 silvery potions.
  6281 | D:5      | 6281 ||| READING 2 scrolls of identify.
  6281 | D:5      | 6281 ||| IDENTIFYING amethyst potion
  6282 | D:5      | 6282 ||| DROPPING potion of lignification.
  6631 | D:6      | 6631 ||| Stepping ~*~*~tactically~*~*~ (hiding).
  6746 | D:6      | Noticed Blork the orc
  6751 | D:6      | Killed Blork the orc
  6804 | D:6      | Noticed Edmund
  6814 | D:6      | Killed Edmund
  6934 | D:6      | 6934 ||| Stepping ~*~*~tactically~*~*~ (hiding).
  6937 | D:6      | 6937 ||| Stepping ~*~*~tactically~*~*~ (hiding).
  6938 | D:6      | 6938 ||| Stepping ~*~*~tactically~*~*~ (hiding).
  7149 | D:6      | Found a runed translucent door.
  7150 | D:6      | Noticed Crazy Yiuf
  7354 | D:6      | 7354 ||| READING scroll labelled ASHRIST DAQYE.
  7355 | D:6      | 7355 ||| READING scroll labelled MIAZUO VETYPAO.
  7356 | D:6      | 7356 ||| READING 2 scrolls of identify.
  7356 | D:6      | 7356 ||| IDENTIFYING lumpy puce potion
  7357 | D:6      | 7357 ||| DROPPING potion of magic.
  7358 | D:6      | 7358 ||| READING 7 scrolls of teleportation.
  7429 | D:7      | 7429 ||| FLEEEEING.
  7430 | D:7      | 7430 ||| FLEEEEING.
  7431 | D:7      | 7431 ||| FLEEEEING.
  7432 | D:7      | 7432 ||| FLEEEEING.
  7433 | D:7      | 7433 ||| Stepping ~*~*~tactically~*~*~ (hiding).
  7435 | D:7      | 7435 ||| Stepping ~*~*~tactically~*~*~ (hiding).
  7437 | D:7      | 7437 ||| Stepping ~*~*~tactically~*~*~ (hiding).
  7446 | D:7      | Reached skill level 13 in Axes
  7555 | D:7      | 7555 ||| SWAPPING to +0 broad axe.
  7556 | D:7      | 7556 ||| DROPPING +1 war axe of venom.
  7698 | D:7      | Found a glowing silver altar of Zin.
  7743 | D:7      | 7743 ||| Stepping ~*~*~tactically~*~*~ (stealth).
  7744 | D:7      | 7744 ||| Stepping ~*~*~tactically~*~*~ (stealth).
  7749 | D:7      | Reached skill level 3 in Throwing
  7833 | D:7      | 7833 ||| Stepping ~*~*~tactically~*~*~ (stealth).
  7836 | D:7      | 7836 ||| Stepping ~*~*~tactically~*~*~ (stealth).
  7837 | D:7      | 7837 ||| Stepping ~*~*~tactically~*~*~ (stealth).
  7868 | D:7      | 7868 ||| Stepping ~*~*~tactically~*~*~ (hiding).
  7871 | D:7      | 7871 ||| Stepping ~*~*~tactically~*~*~ (hiding).
  7949 | D:7      | 7949 ||| FLEEEEING.
  7950 | D:7      | 7950 ||| FLEEEEING.
  7951 | D:7      | 7951 ||| FLEEEEING.
  7952 | D:7      | 7952 ||| FLEEEEING.
  7953 | D:7      | 7953 ||| FLEEEEING.
  7954 | D:7      | 7954 ||| FLEEEEING.
  7955 | D:7      | 7955 ||| FLEEEEING.
  7956 | D:7      | 7956 ||| FLEEEEING.
  7957 | D:7      | 7957 ||| FLEEEEING.
  7958 | D:7      | 7958 ||| FLEEEEING.
  7959 | D:7      | 7959 ||| FLEEEEING.
  7960 | D:7      | 7960 ||| FLEEEEING.
  7961 | D:7      | 7961 ||| STAIRDANCE
  8238 | D:6      | 8238 ||| UPGRADING to +0 swamp dragon scales.
  8248 | D:6      | 8248 ||| READING scroll labelled MIQUCU QOSEEPS.
  8249 | D:6      | 8249 ||| READING 3 scrolls of identify.
  8249 | D:6      | 8249 ||| IDENTIFYING fuming puce potion
  8250 | D:6      | 8250 ||| DROPPING potion of attraction.
  8339 | D:7      | Found a sparkling altar of Nemelex Xobeh.
  8479 | D:7      | Reached skill level 3 in Dodging
  8498 | D:8      | 8498 ||| Stepping ~*~*~tactically~*~*~ (hiding).
  8499 | D:8      | 8499 ||| Stepping ~*~*~tactically~*~*~ (hiding).
  8511 | D:8      | 8511 ||| FLEEEEING.
  8512 | D:8      | 8512 ||| FLEEEEING.
  8513 | D:8      | 8513 ||| STAIRDANCE
  8660 | D:8      | 8660 ||| FLEEEEING.
  8661 | D:8      | 8661 ||| FLEEEEING.
  8662 | D:8      | 8662 ||| FLEEEEING.
  8663 | D:8      | 8663 ||| FLEEEEING.
  8664 | D:8      | 8664 ||| FLEEEEING.
  8665 | D:8      | 8665 ||| STAIRDANCE
  8722 | D:8      | Noticed Joseph
  8723 | D:8      | 8723 ||| Stepping ~*~*~tactically~*~*~ (hiding).
  8734 | D:8      | Reached XP level 10. HP: 39/88 MP: 9/9
  8736 | D:8      | Killed Joseph
  8737 | D:8      | Reached skill level 14 in Axes
  8952 | D:8      | 8952 ||| INVOKING Reject Sacrifices.
  8970 | D:8      | Noticed Prince Ribbit
  8971 | D:8      | 8971 ||| Stepping ~*~*~tactically~*~*~ (stealth).
  9035 | D:8      | Found Siugh's Assorted Antiques.
  9041 | D:8      | 9041 ||| BUYING runed war axe (169 gold).
  9041 | D:8      | Bought a runed war axe for 169 gold pieces
  9041 | D:8      | 9041 ||| DROPPING +0 morningstar.
  9176 | D:8      | 9176 ||| Stepping ~*~*~tactically~*~*~ (stealth).
  9292 | D:8      | 9292 ||| Stepping ~*~*~tactically~*~*~ (stealth).
  9293 | D:8      | 9293 ||| Stepping ~*~*~tactically~*~*~ (stealth).
  9319 | D:8      | Killed Prince Ribbit
  9320 | D:8      | Reached skill level 15 in Axes
  9891 | D:8      | 9891 ||| READING scroll labelled SYUCRIKKUEM.
  9923 | D:9      | 9923 ||| Stepping ~*~*~tactically~*~*~ (hiding).
  9927 | D:9      | 9927 ||| Stepping ~*~*~tactically~*~*~ (hiding).
  9927 | D:9      | Noticed Erica
  9933 | D:9      | Killed Erica
  9934 | D:9      | Reached skill level 9 in Fighting
 10020 | D:9      | 10020 ||| FLEEEEING.
 10022 | D:9      | 10022 ||| STAIRDANCE
 10094 | D:9      | 10094 ||| Stepping ~*~*~tactically~*~*~ (stealth).
 10098 | D:9      | 10098 ||| Stepping ~*~*~tactically~*~*~ (stealth).
 10105 | D:9      | 10105 ||| Stepping ~*~*~tactically~*~*~ (stealth).
 10107 | D:9      | 10107 ||| Stepping ~*~*~tactically~*~*~ (stealth).
 10330 | D:9      | Reached skill level 16 in Axes
 10363 | D:9      | 10363 ||| Stepping ~*~*~tactically~*~*~ (stealth).
 10365 | D:9      | 10365 ||| Stepping ~*~*~tactically~*~*~ (stealth).
 10369 | D:9      | 10369 ||| Stepping ~*~*~tactically~*~*~ (stealth).
 10377 | D:9      | 10377 ||| Stepping ~*~*~tactically~*~*~ (stealth).
 10377 | D:9      | Noticed a two-headed ogre
 10408 | D:9      | Found a runed translucent door.
 10575 | D:9      | Noticed Erolcha
 10575 | Abyss:1  | Cast into level 1 of the Abyss (Erolcha)
 10657 | Abyss:1  | Noticed a reaper
 10679 | Abyss:1  | Noticed a large abomination
 10786 | Abyss:1  | Noticed a smoke demon
 10787 | Abyss:1  | 10787 ||| Stepping ~*~*~tactically~*~*~ (stealth).
 10820 | Abyss:1  | HP: 12/91 [reaper/+2 scythe of venom (13)]
 10821 | Abyss:1  | 10821 ||| READING 6 scrolls of teleportation.
 10821 | Abyss:1  | Slain by a reaper

Levels and vault maps discovered:
D:1:      lemuel_arrival_rhombus, layout_basic,
          shapermc_ecumenical_altar_mp_vishouse, kennysheep_minor_cross
D:2:      layout_loops_corners, basic_altar, minmay_box_of_dots
D:3:      kennysheep_slugbush, layout_basic, kiku_gazebo_pond_becter,
          serial_shops, nicolae_shop_trees, goddamned_bats
D:4:      layout_rooms, lemuel_coloured_pillars_altar, tgw_xom,
          minmay_temple_entry_junction, nicolae_ossuary_entry_false_entrances,
          uniq_duvessa, uniq_pikel, uniq_grinder
D:5:      layout_rooms, serial_demonic, serial_demonic_d, serial_demonic_a,
          serial_demonic_e, serial_demonic_a, serial_demonic_e, serial_demonic_g
D:6:      layout_basic, roderic_cross_of_infinity, uniq_edmund,
          uniq_crazy_yiuf_cottage, uniq_blork_the_orc
D:7:      layout_gridville, kennysheep_mini, zin_statuary,
          chequers_serial_rivers_micro_e
D:8:      layout_basic, serial_shops, shop, nrook_loot_triangle,
          uniq_prince_ribbit1, uniq_joseph
D:9:      nicolae_cairo_tiling_large_dashed, layout_layer_cave,
          mainiacjoe_overflow_boulevard, zombieorc2_lemuel, minmay_st_funbox,
          kennysheep_small_circle, uniq_erolcha, uniq_erica
Temple:   hellmonk_temple_of_storms
Abyss:1:  base: D:4, hangedman_cross_veins

Skill      XL: |  1  2  3  4  5  6  7  8  9 10 |
---------------+-------------------------------+-----
Axes           | 3 4 5 7 8 9 11 13 16 | 16.0
Throwing       | 1 2 3 |  3.0
Dodging        | 1 2 3 |  3.0
Fighting       | 4 7 8 9 |  9.4
Armour         | 4 5 |  5.0
Shields        | 4 5 |  5.5

Action                   |  1- 3 |  4- 6 |  7- 9 | 10-12 || total
-------------------------+-------+-------+-------+-------++-------
Melee: War axe           |    75 |    82 |   153 |       ||   310
       Headbutt          |     9 |    13 |    40 |    16 ||    78
       Broad axe         |       |       |    53 |    81 ||   134
Throw: Javelin           |     3 |    16 |    58 |    18 ||    95
       Boomerang         |       |       |     2 |       ||     2
Invok: Sacrifice Arcana  |       |       |     1 |       ||     1
       Reject Sacrifices |       |       |       |     1 ||     1
  Use: Scroll            |     4 |     6 |    11 |     2 ||    23
       Potion            |     5 |     1 |     4 |       ||    10
Armor: Scale mail        |    57 |    85 |       |       ||   142
       Chain mail        |       |     1 |    96 |       ||    97
       Swamp dragon scal |       |       |    13 |    23 ||    36
Dodge: Dodged            |    50 |    80 |    74 |    21 ||   225
Block: Buckler           |    34 |    29 |    26 |    12 ||   101

Table legend:
 A = Non-vault XP
 B = Vault XP
 C = Vault XP percentage of total XP
 D = Non-vault monster count
 E = Vault monster count
 F = Vault count percentage of total count
                 A         B        C        D         E       F
            +---------+---------+-------+---------+---------+-------
      Total |    5912 |    3949 |  40.0 |     161 |      98 |  37.8
            +---------+---------+-------+---------+---------+-------
        D:1 |      37 |       0 |   0.0 |      23 |       0 |   0.0
        D:2 |      49 |       2 |   3.9 |      14 |       1 |   6.7
        D:3 |     154 |     218 |  58.6 |      16 |      31 |  66.0
        D:4 |     404 |    1201 |  74.8 |      23 |       7 |  23.3
        D:5 |     640 |     201 |  23.9 |      16 |      14 |  46.7
        D:6 |     163 |     244 |  60.0 |       7 |       2 |  22.2
        D:7 |    1228 |       0 |   0.0 |      19 |       0 |   0.0
        D:8 |    1834 |     711 |  27.9 |      20 |       2 |   9.1
        D:9 |    1403 |     978 |  41.1 |      23 |       3 |  11.5
    Ossuary |       0 |     394 | 100.0 |       0 |      38 | 100.0
            +---------+---------+-------+---------+---------+-------
